 Dungeon Crawl Stone Soup version 0.23.1 (webtiles) character file.

Game seed: 6963889664474808933

62 Borgoz the Sneak (level 4, 0/25 HPs)
             Began as a Kobold Enchanter on Mar 7, 2019.
             Slain by an ooze (2 damage)
             ... on level 2 of the Dungeon.
             The game lasted 00:04:03 (2138 turns).

Borgoz the Sneak (Kobold Enchanter)                 Turns: 2138, Time: 00:04:04

Health: 0/25       AC:  4    Str:  6    XL:     4   Next: 28%
Magic:  2/7        EV: 14    Int: 16    God:
Gold:   59         SH:  0    Dex: 15    Spells: 5/8 levels left

rFire    . . .     SeeInvis .   a - +1 dagger
rCold    . . .     Gourm    .   (shield restricted)
rNeg     . . .     Faith    .   c - +0 leather armour
rPois    .         Spirit   .   (no helmet)
rElec    .         Reflect  .   b - +0 cloak
rCorr    .         Harm     .   (no gloves)
MR       .....                  (no boots)
Stlth    +++.......             (no amulet)
HPRegen  0.08/turn              (no ring)
MPRegen  0.10/turn              (no ring)

@: lethally poisoned (0 -> -4), very slightly contaminated
A: small, carnivore
a: no special abilities


You were on level 2 of the Dungeon.
You were very full.

You visited 1 branch of the dungeon, and saw 2 of its levels.

You collected 59 gold pieces.

Inventory:

Hand Weapons
 a - a +1 dagger (weapon)
Missiles
 h - 17 poisoned needles
Armour
 b - a +0 cloak (worn)
 c - a +0 leather armour (worn)
Scrolls
 e - a scroll of remove curse
 g - a scroll of amnesia
 j - a scroll of enchant armour {unknown}
 l - a scroll of enchant weapon {unknown}
Comestibles
 d - 4 rations
 f - 11 chunks of flesh


   Skills:
 + Level 1.0 Fighting
 + Level 1.9 Short Blades
 + Level 0.8 Armour
 + Level 2.8 Dodging
 + Level 4.4 Stealth
 + Level 2.6 Spellcasting
 * Level 3.5 Hexes


You had 5 spell levels left.
You knew the following spells:

 Your Spells              Type           Power        Failure   Level  Hunger
a - Corona                Hex            ##.....      7%          1    #......
b - Ensorcelled Hibernat  Hex/Ice        #.....       22%         2    ##.....

Your spell library contained the following spells:

 Spells                   Type           Power        Failure   Level  Hunger
 Confuse                  Hex            ##......     22%         3    ###....
 Tukima's Dance           Hex            ##......     22%         3    ###....
 Dazzling Spray           Conj/Hex       #.....       41%         3    ###....


Dungeon Overview and Level Annotations

Branches:
Dungeon (2/15)

Altars:


Innate Abilities, Weirdness & Mutations

You are small and have problems with some larger weapons.
You are carnivorous and can eat meat at any time.


Message History

You feel sick. The ooze closely misses you.
You hit the ooze.
The ooze is moderately wounded.
You hit the ooze but do no damage.
The ooze is moderately wounded.
The ooze misses you.
You hit the ooze but do no damage.
The ooze is moderately wounded.
* * * LOW HITPOINT WARNING * * *
You feel sick. The ooze completely misses you.
You hit the ooze.
The ooze is heavily wounded.
The ooze hits you but does no damage.
You barely miss the ooze.
The ooze is heavily wounded.
The ooze hits you but does no damage.
You hit the ooze.
The ooze is severely wounded.
The ooze hits you.
You die...

### ##.#.... ######..
.....# ....... ##...#
......## #..# .....=.##
###.)# ........# #....#
........# #.#..#
........######.#J##
................@#########
........#....###.#.......#
.......##...## #.........#
.......##..## ##........#
........#..# #........#
........#..# ##......[##
...........# #........##
)(....)..### #<.........##
........## #..###.......#


You could see an ooze.

Vanquished Creatures
  An adder (D:2)
  3 leopard geckos
  5 bats
  3 giant cockroaches (D:1)
  6 goblins
  5 hobgoblins
  6 jackals
  2 frilled lizards (D:1)
  5 kobolds
  9 rats
  2 plants (D:1)
47 creatures vanquished.

Notes
Turn   | Place    | Note
-------+----------+-------------------------------------------
     0 | D:1      | Borgoz the Kobold Enchanter began the quest for the Orb.
     0 | D:1      | Reached XP level 1. HP: 10/10 MP: 3/3
   135 | D:1      | Reached XP level 2. HP: 15/15 MP: 5/5
   143 | D:1      | Learned a level 2 spell: Ensorcelled Hibernation
   643 | D:1      | Reached XP level 3. HP: 17/20 MP: 6/6
  1984 | D:2      | Reached skill level 1 in Fighting
  2036 | D:2      | Reached XP level 4. HP: 25/25 MP: 5/7
  2138 | D:2      | Slain by an ooze

Skill      XL: |  1  2  3 |
---------------+----------+-----
Fighting       | 1 |  1.0
Short Blades   | |  1.9
Armour         | |  0.8
Dodging        | |  2.8
Stealth        | |  4.4
Spellcasting   | |  2.6
Hexes          | |  3.5

Action                   |  1- 3 |  4- 6 || total
-------------------------+-------+-------++-------
Melee: Dagger            |   510 |    43 ||   553
 Cast: Ensorcelled Hiber |    13 |     1 ||    14
  Use: Scroll            |     5 |       ||     5
       Potion            |       |     1 ||     1
 Stab: Sleeping          |    15 |       ||    15
  Eat: Chunk             |    14 |       ||    14
Armor: Robe              |    13 |       ||    13
       Leather armour    |    19 |    11 ||    30
Dodge: Dodged            |   118 |    35 ||   153
